Unix NetHack Version 5.0.0-0 post-release - last build May 10 2026 23:12:36 (d1fa5d53e341ca933230fdaa984d921c805b60aa,branch:main).

Game began 2026-05-12 03:48:57, ended 2026-05-12 04:03:09.

BeardyHaddock, lawful male dwarven Archeologist

             ---
            --.---                          ----
            |....--                        --..|                        ----
            |.....|                        |...--      ------        ----..|
          ---.....|                        |....|     --..|.--      --.....|
          |.......--                       ---..|    --......-------#..-----
          |........----                   ----.--  ---...^............-|
          ---..*^.....|                  --....|   |......*...-------..--
   ----  -- |.........|                ---..----   |.....).-----   --...|
  --..-- |.-|...--..--- --  ---------  |.b.--      |.......|-..----|....|
  |....| |..|..<--..| --...--.....|.-- |.---       |....%..|*...|.--..---
  --...|  -..-......---..- |.........--#.|---      --..-....|.........|
   -#-.-- |.........*...-   -............--.|      --.......|.........--
    #|).---.............-- --........@f.....|     --..--...............---
  --#|...................| |................|------..---.................|
---.#--...---...--.......---................--..|...--|.........---......|
|.........|--...||................................--- ---.|.....| --------
|........--|....|--.--.............................|    ----...--
----......||....| -------....---.--...---..........|       -----
   |..|..----.---       --..-- ---|..-- --..|.------
   -------  ---          ----     ----   ------
BeardyHaddock the Field Worker  St:11 Dx:11 Co:14 In:16 Wi:13 Ch:11  Lawful
Dlvl:4  $:143 HP:0(25) Pw:6(6) AC:8  Xp:3 T:1695 

Latest messages:
 You feel slightly confused.
 You can't seem to think straight.
 You feel less confused now.
 The dog misses the floating eye.
 The dog misses the floating eye.
 The dog bites the floating eye.
 You feel incredibly sick.
 You are about to vomit.
 You feel a bit steadier now.
 You feel less confused now.
 You vomit!
 You can move again.
 You start digging.
 You hit the rock with all your might.
 You make an opening in the wall.
 You feel your magical energy drain away!
 The dog bites the gnome.
 The gnome misses the dog.
 The dog bites the gnome.
 The gnome is killed!
 Your dog eats a gnome corpse.
 You hear some noises in the distance.
 You start digging.
 You hit the rock with all your might.
 You make an opening in the wall.
 The kitten bites!
 The kitten bites!
 You hit the kitten.
 The kitten bites!
 The kitten bites!
 Are you sure you want to pray? [yn] (n) y
 You begin praying to Quetzalcoatl.
 You are surrounded by a shimmering light.
 The kitten starts to attack you, but pulls back.
 The kitten starts to attack you, but pulls back.
 The kitten starts to attack you, but pulls back.
 You finish your prayer.
 You feel that Quetzalcoatl is well-pleased.
 Your pick-axe softly glows with a light blue aura.
 What do you want to write with? [- agnEFMP or ?*] -
 You write in the dust with your fingertip.
 What do you want to write in the dust here? Elbereth
 The kitten bites!
 The kitten bites!
 You die...
 Do you want your possessions identified? [ynq] (y) n
 Do you want to see your attributes? [ynq] (y) n
 Do you want an account of creatures vanquished? [ynaq] (y) n
 Do you want to see your conduct and achievements? [ynq] (y) n
 Do you want to see the dungeon overview? [ynq] (y) n

Inventory:
 Coins    ('$')
  $ - 143 gold pieces
 Weapons  (')')
  M - a +0 elven dagger
  n - a cursed -2 orcish dagger
  a - a +2 bullwhip (alternate weapon; not wielded)
 Armor    ('[')
  c - an uncursed +0 fedora (being worn)
  O - an uncursed +0 pair of elven boots (being worn)
  m - an uncursed +0 pair of kicking boots
  j - an uncursed +0 pair of low boots
  B - an uncursed +0 cloak of invisibility
  b - an uncursed +0 leather jacket (being worn)
 Comestibles  ('%')
  d - 3 uncursed food rations
 Scrolls  ('?')
  H - a cursed scroll of charging
  D - an uncursed scroll of enchant armor
  q - a blessed scroll of identify
  r - 2 uncursed scrolls of identify
  w - 2 uncursed scrolls of remove curse
  u - an uncursed scroll of taming
  z - an uncursed scroll of teleportation
  A - an uncursed scroll of teleportation
 Wands    ('/')
  E - a wand of striking (0:3)
 Tools    ('(')
  h - an empty uncursed sack
  e - a blessed +1 pick-axe (weapon in right hand)
  N - an uncursed tin whistle
  f - a tinning kit (0:88)
 Gems/Stones  ('*')
  F - an uncursed garnet stone
  P - an uncursed opal
  g - an uncursed touchstone

BeardyHaddock the Archeologist's attributes:

Background:
 You were a Field Worker, a level 3 male dwarven Archeologist.
 You were lawful, on a mission for Quetzalcoatl
 who was opposed by Camaxtli (neutral) and Huhetotl (chaotic).
 You were right-handed.
 You were in the Gnomish Mines, on level 4.
 You entered the dungeon 1695 turns ago.
 It was nighttime.
 You had 65 experience points, 15 more were needed to attain level 4.

Basics:
 You had 0 out of 25 hit points.
 You had all 6 energy points (spell power).
 Your armor class was 8.
 Your wallet contained 143 zorkmids.
 Autopickup was off.

Final Characteristics:
 Your strength was 11 (limit:18/100).
 Your dexterity was 11 (limit:20).
 Your constitution was 14 (limit:20).
 Your intelligence was 16 (limit:16).
 Your wisdom was 13 (limit:16).
 Your charisma was 11 (limit:16).

Final Status:
 You weren't hungry.
 You were unencumbered.
 You were wielding a pick-axe.
 You had basic skill with pick-axe.

Final Attributes:
 You were devoutly aligned.
 You had automatic searching.
 You had infravision.
 You were stealthy.
 You were lucky.
 You are dead.

Miscellaneous:
 You didn't encounter any bones levels.
 Total elapsed playing time was 14 minutes and 11 seconds.

Major events:
 Turn
    1: BeardyHaddock the lawful male dwarven Archeologist entered the dungeon
  999: attained the rank of Field Worker (level 3)
 1175: entered the Gnomish Mines
 1695: killed by a kitten

Spells:
 Name                 Level Category     Fail Retention
 turn undead            6   clerical     100%  76%-100%

Skills:
 Fighting Skills
   bare handed combat [Unskilled]
   two weapon combat  [Unskilled]
   riding             [Unskilled]
 Weapon Skills
   dagger             [Unskilled]
   knife              [Unskilled]
   pick-axe           [Basic]
   short sword        [Unskilled]
   saber              [Unskilled]
   club               [Unskilled]
   quarterstaff       [Unskilled]
   sling              [Unskilled]
   dart               [Unskilled]
   boomerang          [Unskilled]
   whip               [Basic]
   unicorn horn       [Unskilled]
 Spellcasting Skills
   attack spells      [Unskilled]
   healing spells     [Unskilled]
   divination spells  [Unskilled]
   matter spells      [Unskilled]

Voluntary challenges:
 Character rerolling was not enabled.
 You never genocided any monsters.
 You never polymorphed an object.
 You never changed form.
 You used no wishes.
Achievements:
 You entered a shop.
 You attained the rank of Field Worker.
 You entered the Gnomish Mines.

 The Dungeons of Doom: levels 1 to 2
    Level 1:
       A fountain.
    Level 2:
       A scroll shop.
       Stairs down to The Gnomish Mines.
 The Gnomish Mines: levels 3 to 4
    Level 3:
    Level 4: <- You were here.
       Final resting place for
          you, killed by a kitten.


Vanquished creatures:
  a little dog
 an iguana
 an acid blob
  a hobbit
  5 giant rats
 13 gnomes
  5 geckos
  4 jackals
  a fox
  a kobold
  2 goblins
  2 sewer rats
  5 grid bugs
  a lichen
  5 newts
48 creatures vanquished.

No species were genocided or became extinct.

Game over:
                       ----------
                      /          \
                     /    REST    \
                    /      IN      \
                   /     PEACE      \
                  /                  \
                  |  BeardyHaddock   |
                  |      143 Au      |
                  |   killed by a    |
                  |      kitten      |
                  |                  |
                  |                  |
                  |       2026       |
                 *|     *  *  *      | *
        _________)/\\_//(\/(/\)/\//\/|_)_______

Goodbye BeardyHaddock the Archeologist...

You died in The Gnomish Mines on dungeon level 4 with 539 points,
and 143 pieces of gold, after 1695 moves.
You were level 3 with a maximum of 25 hit points when you died.

